 Dungeon Crawl Stone Soup version 0.30-a0-1160-g6e42c06551 (webtiles) character file.

Game seed: 2627843948451053508

26685 jasper the Bewitcher (level 13, -1/66 HPs)
             Began as a Spriggan Enchanter on Apr 25, 2023.
             Was a High Priest of Sif Muna.
             Killed from afar by a catoblepas (9 damage)
             ... with a blast of calcifying dust
             ... on level 4 of the Lair of Beasts.
             The game lasted 00:29:19 (16855 turns).

jasper the Bewitcher (Spriggan Enchanter)          Turns: 16855, Time: 00:29:19

Health: -1/66      AC:  6    Str:  4    XL:     13   Next: 0%
Magic:  6/20       EV: 23    Int: 28    God:    Sif Muna [*****.]
Gold:   1155       SH:  0    Dex: 15    Spells: 1/17 levels left

rFire   . . .        f - +3 dagger (holy)
rCold   . . .        (no shield)
rNeg    + . .        B - +0 steam dragon scales
rPois   .            N - +0 hat
rElec   .            t - +0 cloak
rCorr   .            (gloves unavailable)
SInv    +            (boots unavailable)
Will    ++...        D - amulet of faith
Stlth   +++++        C - +6 ring of intelligence
HPRegen 0.31/turn    y - ring of positive energy
MPRegen 0.17/turn

%: faith
@: very quick
A: very small, no large weapons, unfitting armour, see invisible, speed 3
a: Renounce Religion, Channel Magic, Forget Spell, Divine Exegesis


You were on level 4 of the Lair of Beasts.
You worshipped Sif Muna.
Sif Muna was extremely pleased with you.
You visited 3 branches of the dungeon, and saw 16 of its levels.

You collected 1155 gold pieces.

Inventory:

Hand Weapons
 a - a +1 dagger
 f - a +3 dagger of holy wrath (weapon)
 H - a +2 short sword of distortion
 X - a +2 dagger of speed
Missiles
 g - 8 atropa-tipped darts
 i - 19 poisoned darts
 I - 2 curare-tipped darts
 O - 3 throwing nets
Armour
 b - a +0 robe
 t - a +0 cloak (worn)
 B - +0 steam dragon scales (worn)
 N - a +0 hat (worn)
 T - a +2 robe of willpower
Magical Staves
 o - a staff of death
 L - a staff of fire
Jewellery
 c - an amulet of reflection
 j - an amulet of the acrobat
 y - a ring of positive energy (right hand)
 C - a +6 ring of intelligence (left hand)
 D - an amulet of faith (around neck)
 F - a ring of magical power
 Q - a ring of positive energy
 S - a ring of willpower
Wands
 r - a wand of digging (9)
 u - a wand of flame (17)
 W - a wand of paralysis (5)
 Y - a wand of roots (6)
Scrolls
 m - 12 scrolls of identify
 p - a scroll of fog
 q - 3 scrolls of amnesia
 v - 3 scrolls of teleportation
 w - a scroll of butterflies
 A - 3 scrolls of magic mapping
 G - 3 scrolls of brand weapon
 J - 4 scrolls of vulnerability
 M - a scroll of enchant weapon
 R - a scroll of immolation
 V - 3 scrolls of poison
Potions
 d - a potion of magic
 e - 4 potions of lignification
 h - 2 potions of heal wounds
 k - 2 potions of mutation
 l - 9 potions of curing
 n - a potion of haste
 s - 2 potions of degeneration
 x - a potion of might
 z - 3 potions of resistance
 E - 3 potions of flight
 K - 5 potions of attraction
 U - a potion of berserk rage {unknown}
Miscellaneous
 P - a phantom mirror


   Skills:
 - Level 6.6 Fighting
 - Level 9.0 Short Blades
 - Level 10.9 Dodging
 - Level 12.9 Stealth
 - Level 2.6 Spellcasting
 + Level 15.1 Hexes
 - Level 8.0 Invocations
 - Level 6.0 Evocations


You had one spell level left.
You knew the following spells:

 Your Spells              Type           Power      Damage    Failure   Level
a - Ensorcelled Hibernat  Hex/Ice        92%        N/A       1%          2
b - Confusing Touch       Hex            73%        N/A       1%          3
c - Tukima's Dance        Hex            73%        N/A       1%          3
d - Apportation           Tloc           6%         N/A       9%          1
e - Enfeeble              Hex            36%        N/A       14%         7

Your spell library contained the following spells:

 Spells                   Type           Power      Damage    Failure   Level
 Dazzling Flash           Conj/Hex       92%        N/A       1%          3
 Portal Projectile        Hex/Tloc       92%        N/A       1%          3
 Anguish                  Hex/Necr       23%        N/A       3%          4
 Blink                    Tloc           6%         N/A       13%         2
 Cigotuvi's Dreadful Rot  Necr/Pois/Air  6%         N/A       13%         2
 Lesser Beckoning         Tloc           6%         N/A       13%         2
 Momentum Strike          Conj/Tloc      6%         3d8       13%         2
 Gell's Gravitas          Tloc           3%         N/A       26%         3
 Ozocubu's Armour         Ice            3%         N/A       26%         3
 Teleport Other           Tloc           3%         N/A       26%         3
 Volatile Blastmotes      Fire/Tloc      6%         2d10      26%         3
 Dispel Undead            Necr           3%         3d7       63%         4
 Iskenderun's Mystic Bla  Conj/Tloc      3%         2d3       63%         4
 Alistair's Intoxication  Tmut/Pois      2%         N/A       93%         5
 Blade Hands              Tmut           1%         N/A       93%         5
 Iskenderun's Battlesphe  Conj           3%         2d6       93%         5
 Death Channel            Necr           1%         N/A       100%        6
 Iron Shot                Conj/Erth      1%         9d1       100%        6
 Starburst                Conj/Fire      1%         6d3       100%        6
 Ozocubu's Refrigeration  Ice            1%         4d7       100%        7
 Spellforged Servitor     Conj/Summ      1%         N/A       100%        7


Dungeon Overview and Level Annotations

Branches:
Dungeon (11/15)            Temple (1/1) D:6            Lair (4/5) D:11
 Shoals (0/4) Lair:3       Spider (0/4) Lair:3          Orc (0/2) D:10
  Slime: Lair:4-5

Altars:
Ashenzari
Cheibriados
Dithmenos
Elyvilon
Fedhas
Gozag
Hepliaklqana
Kikubaaqudgha
Makhleb
Nemelex Xobeh
Okawaru
Qazlal
Ru
Sif Muna
Trog
Vehumet
Wu Jian
Yredelemnul
Zin

Shops:
D:6 (

Annotations:
D:4 2 transporters
D:5 3 runed translucent doors, Keeumabr's ghost, amateur GnWn
D:6 exclusion: oklob plant


Innate Abilities, Weirdness & Mutations

You are very small and have problems with some larger weapons.
You are too small for most types of armour.
You have supernaturally acute eyesight. (SInv)
You cover ground extremely quickly. (Speed+++)


Message History

You are engulfed in calcifying dust.
Found 6 stones.
The catoblepas breathes a plume of calcifying dust at you.
The blast of calcifying dust hits you!
* * * LOW HITPOINT WARNING * * *
You take 8 damage, and have 8/66 hp.
Aiming: Ensorcelled Hibernation (safe; 1% risk of failure)
Press: ? - help, Q - select action, (/) - cycle Shift-Dir - straight line, f/p - catoblepas
Aim: a catoblepas (calcifying dust, chance to affect: 9%)
The catoblepas resists with almost no effort.
You now have 9/20 mp.
Aiming: Ensorcelled Hibernation (safe; 1% risk of failure)
Press: ? - help, Q - select action, (/) - cycle Shift-Dir - straight line, f/p - catoblepas
Aim: a catoblepas (chance to affect: 9%)
The catoblepas resists with almost no effort.
You now have 7/20 mp.
Aiming: Ensorcelled Hibernation (safe; 1% risk of failure)
Press: ? - help, Q - select action, (/) - cycle Shift-Dir - straight line, f/p - catoblepas
Aim: a catoblepas (chance to affect: 9%)
The catoblepas resists with almost no effort.
You now have 6/20 mp.
Aiming: Ensorcelled Hibernation (safe; 1% risk of failure)
Press: ? - help, Q - select action, (/) - cycle Shift-Dir - straight line, f/p - catoblepas
Aim: a catoblepas (chance to affect: 9%)
Your line of fire to the catoblepas is blocked by a fungus.
Unknown command.
The catoblepas breathes a plume of calcifying dust at you.
The blast of calcifying dust hits the fungus!
The fungus begins to die.
The blast of calcifying dust hits you.
* * * LOW HITPOINT WARNING * * *
You take 5 damage, and have 5/66 hp.
You start resting.
A catoblepas is nearby!
Aiming: Ensorcelled Hibernation (safe; 1% risk of failure)
Press: ? - help, Q - select action, (/) - cycle Shift-Dir - straight line, f/p - catoblepas
Aim: a catoblepas (chance to affect: 9%)
The catoblepas resists with almost no effort.
The catoblepas breathes a plume of calcifying dust at you.
The blast of calcifying dust hits you!
You die...

###### ###
###.##.###########P.
#.......Y§..........
##...Y#.###PY........
#...§#.######.....###
#...§####..##.....###
#P..@# #.........###.
##...###..##.......#.
##....## #P.........
#.....# ##.........
##.....######.....##.#
#P.................##.
###...................
#P...................
#....................


There were no monsters in sight!

Vanquished Creatures
  Josephine (Lair:3)
  Harold (D:10)
  4 two-headed ogres
  A boulder beetle (D:11)
  A centaur warrior (D:11)
  A catoblepas (Lair:3)
  Sonja (D:10)
  A skyshark (Lair:2)
  A manticore (D:7)
  Joseph (D:10)
  A black mamba (Lair:4)
  2 cyclopes (D:11)
  2 gargoyles
  An unseen horror (D:10)
  7 cane toads
  2 rime drakes
  3 komodo dragons
  3 trolls
  A polar bear (Lair:3)
  Prince Ribbit (D:6)
  8 blink frogs
  2 shadows
  A culicivora (Lair:3)
  7 wraiths
  A basilisk (Lair:3)
  3 wyverns
  13 yaks
  3 steam dragons
  Menkaure (D:6)
  Edmund (D:6)
  4 water moccasins
  3 ice beasts
  An orc warrior (D:9)
  A black bear (D:6)
  A sky beast (D:7)
  10 centaurs
  2 ogres (D:5)
  3 phantoms
  17 wolves
  A kobold brigand (D:10)
  8 bullfrogs
  Blork the orc (D:6)
  3 gnoll sergeants
  A scorpion (D:5)
  12 wights
  22 killer bees
  A howler monkey (D:11)
  A hound (D:4)
  Crazy Yiuf (D:6)
  9 jellies
  2 sleepcaps
  An iguana (D:5)
  An orc wizard (D:9)
  7 adders
  12 gnolls
  2 shadow imps
  2 worms
  2 dart slugs
  11 orcs
  5 ball pythons
  25 endoplasms
  6 giant cockroaches
  8 goblins
  9 hobgoblins
  4 jackals (D:4)
  5 kobolds
  4 quokkas
  5 bats
  3 frilled lizards
  8 rats
300 creatures vanquished.

Vanquished Creatures (collateral kills)
  Erica (Lair:1)
  A wight (D:6)
  4 gnolls
6 creatures vanquished.

Vanquished Creatures (others)
  4 dancing weapons
  25 fungi
  10 plants
39 creatures vanquished.

Grand Total: 345 creatures vanquished

Notes
Turn   | Place    | Note
-------+----------+-------------------------------------------
     0 | D:1      | jasper the Spriggan Enchanter began the quest for the Orb.
     0 | D:1      | Reached XP level 1. HP: 9/9 MP: 5/5
   146 | D:1      | Reached XP level 2. HP: 13/13 MP: 6/6
   149 | D:1      | Learned a level 2 spell: Ensorcelled Hibernation
   229 | D:1      | Reached skill level 4 in Hexes
   526 | D:2      | Found a white marble altar of Elyvilon.
   594 | D:2      | Reached skill level 5 in Stealth
   681 | D:2      | Reached XP level 3. HP: 16/16 MP: 5/8
  1167 | D:2      | You fall into a shaft and drop 2 floors!
  1624 | D:3      | Reached XP level 4. HP: 21/21 MP: 9/9
  1628 | D:3      | Learned a level 3 spell: Confusing Touch
  1632 | D:3      | Learned a level 3 spell: Tukima's Dance
  2389 | D:4      | Noticed a phantom
  2394 | D:4      | Reached skill level 5 in Hexes
  2406 | D:4      | Killed a phantom
  2407 | D:4      | Reached XP level 5. HP: 18/24 MP: 3/10
  2486 | D:4      | Found a transporter.
  2510 | D:4      | Noticed a phantom
  2516 | D:4      | Killed a phantom
  2517 | D:4      | Reached XP level 6. HP: 22/28 MP: 7/11
  2734 | D:4      | Found a transporter.
  2845 | D:5      | Entered Level 5 of the Dungeon
  3089 | D:5      | Reached skill level 6 in Hexes
  3095 | D:5      | Reached XP level 7. HP: 32/32 MP: 12/12
  3159 | D:5      | Found a runed translucent gate.
  3161 | D:5      | Found a runed translucent gate.
  3161 | D:5      | Found a runed translucent gate.
  3177 | D:5      | Reached skill level 5 in Short Blades
  3389 | D:5      | Reached skill level 7 in Hexes
  3537 | D:5      | Learned a level 1 spell: Apportation
  3615 | D:6      | Noticed Edmund
  3615 | D:6      | Noticed Prince Ribbit
  3622 | D:6      | Killed Edmund
  3623 | D:6      | Reached XP level 8. HP: 36/36 MP: 13/13
  3632 | D:6      | Killed Prince Ribbit
  3633 | D:6      | Reached skill level 10 in Stealth
  3733 | D:6      | Reached skill level 8 in Hexes
  3916 | D:6      | Found a staircase to the Ecumenical Temple.
  3920 | D:6      | Noticed Blork the orc
  3925 | Temple   | Entered the Ecumenical Temple
  4181 | Temple   | Became a worshipper of Sif Muna the Loreminder
  4211 | D:6      | Killed Blork the orc
  4338 | D:6      | Found an opulent altar of Gozag.
  4474 | D:6      | Noticed an oklob plant
  4575 | D:7      | Noticed a manticore
  4962 | D:7      | Reached skill level 9 in Hexes
  5018 | D:7      | Killed a manticore
  5019 | D:7      | Reached XP level 9. HP: 39/39 MP: 9/14
  5424 | D:7      | Reached skill level 1 in Invocations
  5424 | D:7      | Reached skill level 1 in Evocations
  5507 | D:8      | Reached skill level 1 in Fighting
  6263 | D:9      | Reached * piety under Sif Muna
  6442 | D:9      | Reached skill level 5 in Dodging
  6711 | D:9      | Noticed a two-headed ogre
  6723 | D:9      | Reached XP level 10. HP: 46/47 MP: 1/15
  7052 | D:9      | Killed a two-headed ogre
  7053 | D:9      | Reached skill level 5 in Evocations
  7431 | D:10     | Entered Level 10 of the Dungeon
  7432 | D:10     | Found a white marble altar of Elyvilon.
  7435 | D:10     | Noticed Joseph
  7448 | D:10     | Noticed Sonja
  7449 | D:10     | Reached ** piety under Sif Muna
  7464 | D:10     | Killed Sonja
  7577 | D:9      | Reached skill level 5 in Invocations
  7688 | D:10     | Killed Joseph
  7740 | D:10     | Found a staircase to the Orcish Mines.
  7790 | D:10     | Noticed Harold
  7795 | D:10     | Killed Harold
  8023 | D:10     | Noticed a two-headed ogre
  8028 | D:10     | Killed a two-headed ogre
  8029 | D:10     | Reached skill level 5 in Fighting
  8029 | D:10     | Reached XP level 11. HP: 54/55 MP: 16/16
  8078 | D:11     | Noticed a boulder beetle
  8082 | D:11     | Killed a boulder beetle
  8256 | D:11     | Noticed a two-headed ogre
  8263 | D:11     | Killed a two-headed ogre
  8377 | D:11     | Found a staircase to the Lair.
  8911 | D:11     | Noticed a centaur warrior
  8915 | D:11     | Killed a centaur warrior
  9539 | D:5      | Noticed Keeumabr's ghost (amateur GnWn)
  9839 | D:6      | Reached *** piety under Sif Muna
  9850 | D:6      | Found Lab Opsy's Weapon Boutique.
  9903 | D:6      | Noticed Menkaure
  9915 | D:6      | Killed Menkaure
  9916 | D:6      | Reached skill level 10 in Dodging
 11197 | D:6      | Found a runed translucent door.
 11198 | D:6      | Noticed Crazy Yiuf
 11274 | D:6      | Killed Crazy Yiuf
 11922 | D:10     | Noticed a two-headed ogre
 11925 | D:10     | Killed a two-headed ogre
 12439 | D:11     | Found a stormy altar of Qazlal.
 12457 | D:11     | Reached **** piety under Sif Muna
 12714 | Lair:1   | Entered Level 1 of the Lair of Beasts
 12714 | Lair:1   | Noticed a death yak
 12714 | Lair:1   | Noticed a death yak
 12714 | Lair:1   | Noticed a death yak
 12747 | Lair:1   | Reached XP level 12. HP: 33/62 MP: 11/19
 12806 | Lair:1   | Learned a level 7 spell: Enfeeble
 13193 | Lair:1   | Reached skill level 10 in Hexes
 13322 | Lair:1   | Noticed Erica
 13336 | Lair:1   | Killed Erica
 13572 | Lair:1   | Reached skill level 11 in Hexes
 14110 | Lair:2   | Reached skill level 12 in Hexes
 14867 | Lair:3   | Found a staircase to the Shoals.
 14877 | Lair:3   | Reached skill level 13 in Hexes
 14913 | Lair:3   | Noticed a catoblepas
 14923 | Lair:3   | Killed a catoblepas
 15032 | Lair:3   | Noticed an eight-headed hydra
 15836 | Lair:3   | Reached skill level 14 in Hexes
 15887 | Lair:3   | Noticed Josephine
 15905 | Lair:3   | Killed Josephine
 15938 | Lair:3   | Reached ***** piety under Sif Muna
 16165 | Lair:3   | Found a hole to the Spider Nest.
 16634 | Lair:4   | Reached skill level 15 in Hexes
 16655 | Lair:4   | Reached XP level 13. HP: 54/66 MP: 8/20
 16855 | Lair:4   | Killed from afar by a catoblepas

Illustrated notes

Levels and vault maps discovered:
D:1:      spicycebolla_arrival_ecumenical, layout_rooms,
          amcnicky_mini_rare_corridor_liquid
D:2:      layout_rooms, basic_altar, kennysheep_generic_room_7
D:3:      layout_loops_ring, minmay_box_of_dots
D:4:      gammafunk_wand_slinger, layout_loops_ring, minmay_ruptured
D:5:      layout_basic, gammafunk_ghost_icy, grunt_decor_resistance,
          dk_vineyard_1
D:6:      lemuel_slime, layout_layer_cave, nicolae_gozag_seed_capital,
          minmay_temple_entry_overgrown, serial_shops, nicolae_shop_waterfront,
          st_stairs_13, minmay_microvault, uniq_edmund, uniq_menkaure,
          uniq_crazy_yiuf_cottage, uniq_prince_ribbit1, uniq_blork_the_orc
D:7:      layout_basic
D:8:      layout_basic, minivault_23
D:9:      layout_loops_ring
D:10:     layout_long_grid, lemuel_crystal_altar, orc_0_dummy, uniq_harold,
          uniq_sonja, uniq_joseph
D:11:     layout_gridville, hellmonk_lair_entry_icy,
          nicolae_qazlal_scattered_showers
Temple:   mainiacjoe_temple_big_plus
Lair:1:   layout_regular_city, uniq_erica
Lair:2:   layout_gridlike, grunt_megastairs_1
Lair:3:   layout_gridlike, elwin_shoals_entry_rocks, spider_nest_entry_rubble,
          grunt_megastairs_3, uniq_josephine
Lair:4:   layout_regular_city, slime_entry_1, serial_bayou, serial_bayou_pond_d,
          serial_bayou_pond_a, serial_bayou_ford_a, serial_bayou_pond_d,
          infiniplex_staircase_pool, serial_bayou_shore_a

Skill      XL: |  1  2  3  4  5  6  7  8  9 10 11 12 |
---------------+-------------------------------------+-----
Hexes          | 4 5 6 7 9 15 | 15.1
Short Blades   | 2 3 4 5 8 9 |  9.0
Stealth        | 5 6 7 8 9 11 12 | 12.9
Dodging        | 5 8 10 | 10.9
Invocations    | 3 6 8 |  8.0
Evocations     | 4 6 |  6.0
Fighting       | 2 5 6 |  6.6
Spellcasting   | |  2.6

Action                     |  1- 3 |  4- 6 |  7- 9 | 10-12 | 13-15 || total
---------------------------+-------+-------+-------+-------+-------++-------
  Melee: Dagger            |    75 |    58 |   132 |   426 |       ||   691
         Punch             |       |     1 |     1 |     4 |       ||     6
   Cast: Ensorcelled Hiber |    21 |    27 |    65 |   185 |    11 ||   309
         Confusing Touch   |       |     2 |     3 |    25 |       ||    30
         Tukima's Dance    |       |       |     7 |    22 |       ||    29
  Evoke: Wand              |       |       |     1 |     7 |       ||     8
         Phantom mirror    |       |       |       |     2 |       ||     2
    Use: Scroll            |       |    10 |    11 |     5 |       ||    26
         Potion            |       |       |     3 |     2 |       ||     5
   Stab: Sleeping          |    22 |    27 |    57 |   121 |       ||   227
         Confused          |       |     2 |     3 |    23 |       ||    28
         Invisible         |       |       |     3 |     2 |       ||     5
 Armour: Robe              |     7 |     1 |     5 |       |       ||    13
         Steam dragon scal |       |       |       |    29 |       ||    29
  Dodge: Dodged            |    37 |    22 |    83 |   321 |     1 ||   464

Table legend: (Time is in decaauts)
 A = Elapsed time spent in this place.
 B = Non-inter-level travel time spent in this place.
 C = Inter-level travel time spent in this place.
 D = Time resting spent in this place.
 E = Time spent auto-exploring this place.
 F = Levels seen in this place.
 G = Mean time per level.
                   A        B        C        D        E       F      G
               +--------+--------+--------+--------+--------+-----+--------+
         Total |  12728 |  12337 |    391 |    829 |   9190 |  16 |  795.5 |
       Dungeon |   9326 |   9009 |    317 |    627 |   6694 |  11 |  847.8 |
        Temple |    176 |    164 |     12 |      0 |    157 |   1 |  176.0 |
          Lair |   3225 |   3164 |     61 |    202 |   2338 |   4 |  806.2 |
               +--------+--------+--------+--------+--------+-----+--------+

Top non-repeatable levels by time:
     D:6: 1553 daAuts
     D:9: 1229 daAuts
  Lair:2: 1180 daAuts
    D:11: 1131 daAuts
  Lair:3: 1000 daAuts
     D:5: 870 daAuts
  Lair:1: 840 daAuts
    D:10: 838 daAuts
     D:7: 797 daAuts
     D:2: 696 daAuts
     D:4: 654 daAuts
     D:3: 637 daAuts
     D:8: 561 daAuts
     D:1: 356 daAuts
  Lair:4: 203 daAuts
